 Dungeon Crawl Stone Soup version 0.30.0-29-ga12c61a403 (webtiles) character file.

Game seed: 2808824000377347014

20 BONEBRO the Slasher (level 3, 28/29 HPs)
             Began as a Human Fighter on June 11, 2023.
             Quit the game on level 1 of the Dungeon.
             The game lasted 00:03:36 (521 turns).

BONEBRO the Slasher (Human Fighter)                  Turns: 521, Time: 00:03:37

Health: 28/29      AC:  6    Str: 18    XL:     3   Next: 0%
Magic:  3/3        EV:  9    Int:  8    God:
Gold:   36         SH:  4    Dex: 12    Spells: 2/2 levels left

rFire   . . .        a - +0 long sword
rCold   . . .        c - +0 buckler
rNeg    . . .        b - +0 scale mail
rPois   .            (no helmet)
rElec   .            (no cloak)
rCorr   .            (no gloves)
SInv    .            (no boots)
Will    .....        (no amulet) Stlth
                     (no ring)
HPRegen 0.24/turn    (no ring)
MPRegen 0.08/turn

%: no passive effects
@: no status effects
A: no striking features
a: no special abilities


You were on level 1 of the Dungeon.
You visited 1 branch of the dungeon, and saw 2 of its levels.

You collected 36 gold pieces.

Inventory:

Hand Weapons
 a - a +0 long sword (weapon)
Missiles
 j - 5 poisoned darts (quivered)
Armour
 b - a +0 scale mail (worn)
 c - a +0 buckler (worn)
Scrolls
 e - a scroll of noise {unknown}
 g - a scroll of teleportation {unknown}
 h - 2 scrolls of immolation {unknown}
 i - a scroll of fog {unknown}
 k - a scroll of summoning {unknown}
Potions
 d - a potion of might
 f - 2 potions of ambrosia {unknown}
 l - a potion of brilliance {unknown}


   Skills:
 - Level 3.0 Fighting
 * Level 3.1 Long Blades
 - Level 3.0 Armour
 - Level 0.4 Dodging
 - Level 3.0 Shields


You had 2 spell levels left.
You didn't know any spells.
Your spell library was empty.

Dungeon Overview and Level Annotations

Branches:
Dungeon (2/15)

Altars:

Shops:
D:1 *


Message History

The hobgoblin is heavily wounded.
The hobgoblin barely misses you.
You slash the hobgoblin!
You kill the hobgoblin!
You see here a hobgoblin corpse.
A rat comes into view.
A goblin comes into view. It is wielding a +0 club.
The goblin shouts!
The rat bites you.
You slash the rat!
You kill the rat!
You barely miss the goblin. The goblin hits you but does no damage.
You slash the goblin!
You kill the goblin!
Found a short sword.
A bat comes into view.
The bat moves out of view.
The bat hits you but does no damage.
A goblin comes into view. It is wielding a +0 club.
Found 4 gold pieces.
The bat hits you but does no damage. The bat barely misses you.
The bat completely misses you.
You closely miss the goblin. The goblin barely misses you.
The bat barely misses you.
You miss the bat. The bat barely misses you.
The goblin hits you with a +0 club.
You closely miss the bat. The bat hits you but does no damage.
The goblin hits you with a +0 club. You block the goblin's attack.
You barely miss the bat. The bat barely misses you.
The goblin closely misses you.
You hit the goblin.
You kill the goblin!
You block the bat's attack.
You have reached level 3!
Your experience leads to an increase in your attributes!
Increase (S)trength, (I)ntelligence, or (D)exterity?
Uppercase letters only, please.
You feel stronger. x2
Save game and exit?
Okay, then.
Are you sure you want to abandon this character and quit the game? (Confirm with "yes".)

#.# .#.#.#.#....).... ### #.#
#............#.......
....#####.###...##..##..###.....#
#.......# ............####...##
#..###### #.................##
#.. #...#.###...#####.# #..
#...#.# #...#####.## #..
...#...#.###........).. #..
#...?..@.............## ##.
...#.b.#)###.#.#####.# #.
...........#.#.# ##.#.......#.#.#
# #.....$.....# ###.....#.###
#......... ........##


You could see a bat.

Vanquished Creatures
  A dart slug (D:1)
  2 endoplasms (D:1)
  4 goblins (D:1)
  2 hobgoblins (D:1)
  4 kobolds
  A ball python (D:1)
  A bat (D:1)
  A frilled lizard (D:1)
  A rat (D:1)
17 creatures vanquished.

Notes
Turn   | Place    | Note
-------+----------+-------------------------------------------
     0 | D:1      | BONEBRO the Human Fighter began the quest for the Orb.
     0 | D:1      | Reached XP level 1. HP: 18/18 MP: 1/1
   171 | D:1      | You fall into a shaft and drop 1 floor!
   241 | D:1      | Reached XP level 2. HP: 24/24 MP: 2/2
   416 | D:1      | Found Quteguwk's General Store.
   521 | D:1      | Reached XP level 3. HP: 28/29 MP: 3/3
   521 | D:1      | Quit the game

Illustrated notes

Levels and vault maps discovered:
D:1:      lightli_arrival_flooded_house, layout_loops_ring,
          shapermc_ecumenical_altar_notcrosses, serial_shops, shop,
          serial_glass, glass_columns_b, glass_columns_a, glass_columns_a,
          glass_columns_c, glass_columns_b
D:2:      layout_basic, serial_shops, nicolae_shop_just_a_little_nook,
          minmay_liquid_box, uniq_terence

Skill      XL: |  1  2 |
---------------+-------+-----
Long Blades    | 3 |  3.1
Fighting       | |  3.0
Armour         | |  3.0
Dodging        | |  0.4
Shields        | |  3.0

Action                     || total
---------------------------++-------
  Melee: Long sword        ||    50
 Armour: Scale mail        ||    20
  Dodge: Dodged            ||    21
  Block: Buckler           ||    10
